 Dungeon Crawl Stone Soup version 0.20.1-1-g8b1a95d (webtiles) character file.

9256 equalderp2856 the Cleaver (level 11, -4/95 HPs)
             Began as a Minotaur Fighter on Sept 27, 2017.
             Killed by the air
             ... invoked by Gastronok
              (34 damage)
             ... on level 10 of the Dungeon.
             The game lasted 00:20:46 (9114 turns).

equalderp2856 the Cleaver (Minotaur Fighter)        Turns: 9114, Time: 00:20:48

Health: -4/95      AC: 20    Str: 19 (21) XL:     11   Next: 20%
Magic:  11/11      EV:  3    Int:  4 (6)  God:
Gold:   371        SH:  0    Dex: 10 (12) Spells: 10/10 levels left

rFire    . . .     SeeInvis .   a - +0 war axe
rCold    . . .     Gourm    .   E - +1 shield {AC+3}
rNeg     . . .     Faith    .   N - +0 plate armour
rPois    +         Spirit   .   (helmet restricted)
rElec    .         Reflect  .   k - +2 cloak
rCorr    .         Harm     .   (no gloves)
MR       .....                  (no boots)
Stlth    ..........             (no amulet)
Regen    0.3/turn               y - ring of poison resistance
MPRegen  0.2/turn               (no ring)

@: held, slowed, very slow
A: retaliatory headbutt, horns 2
a: no special abilities


You were on level 10 of the Dungeon.
You were hungry.

You visited 1 branch of the dungeon, and saw 10 of its levels.

You collected 546 gold pieces.
You spent 175 gold pieces at shops.

Inventory:

Hand Weapons
 a - a +0 war axe (weapon)
 L - a +3 hand crossbow of freezing
 P - a +0 spear
 R - a +0 dagger of distortion
Missiles
 Q - 11 bolts
Armour
 b - a +0 scale mail
 c - a +0 shield
 k - a +2 cloak (worn)
 v - a -1 cloak
 E - a +1 shield of protection (worn)
 G - a +0 scale mail of fire resistance
 I - a +0 chain mail
 N - a +0 plate armour (worn)
Jewellery
 y - a ring of poison resistance (left hand)
Wands
 w - a wand of paralysis (0/24)
 x - a wand of flame (0/48)
 H - a wand of flame (1/48)
 M - a wand of flame (19/48)
Scrolls
 g - 10 scrolls of identify
 h - a scroll of enchant armour
 i - 4 scrolls of remove curse
 r - 4 scrolls of teleportation
 D - a scroll of enchant weapon
Potions
 d - a potion of might
 e - 2 potions of lignification
 m - 2 potions of curing {unknown}
 n - 2 potions of agility {unknown}
 p - 2 potions of cancellation {unknown}
 s - a potion of magic {unknown}
 u - 2 potions of flight {unknown}
 z - 2 potions of heal wounds
 A - 2 potions of mutation {unknown}
 F - 6 potions of degeneration
Books
 K - a book of Frost

   Spells                             Type                      Level
   a - Freeze                         Ice                          1
   b - Throw Frost                    Conjuration/Ice              2
   c - Ozocubu's Armour               Charms/Ice                   3
   d - Throw Icicle                   Conjuration/Ice              4
   e - Summon Ice Beast               Ice/Summoning                4
 O - a book of Clouds

   Spells                             Type                      Level
   a - Poisonous Vapours              Poison/Air                   2
   b - Mephitic Cloud                 Conjuration/Poison/Air       3
   c - Conjure Flame                  Conjuration/Fire             3
   d - Freezing Cloud                 Conjuration/Ice/Air          6
   e - Ring of Flames                 Charms/Fire                  7
Comestibles
 f - 6 bread rations
 o - 4 royal jellies
 t - 28 fruits
 B - 5 meat rations


   Skills:
 + Level 8.7 Fighting
 + Level 12.8 Axes
 + Level 9.6 Armour
 + Level 3.1 Dodging
 + Level 2.5 Stealth
 + Level 10.5 Shields
 + Level 1.9 Evocations


You had 10 spell levels left.
You didn't know any spells.

Dungeon Overview and Level Annotations

Branches:
Dungeon (10/15)            Temple (0/1) D:4
   Lair: D:8-11         Orc: D:9-12

Altars:
Ashenzari
Dithmenos
Elyvilon
Gozag
Makhleb
Nemelex Xobeh
Okawaru
Ru
Trog
Uskayaw
Vehumet
Xom
Yredelemnul
Zin
The Shining One

Shops:
D:7 (   D:8 [   D:9 =

Annotations:
D:4 exclusion: oklob sapling
D:5 2 transporters
D:10 Gastronok, Harold


Innate Abilities, Weirdness & Mutations

You reflexively headbutt those who attack you in melee.
You have a pair of horns on your head.


Message History

Unknown command.
It was a potion of heal wounds.
You feel much better.
The bullfrog hits you but does no damage.
Harold hits you but does no damage.
Unknown command.
Unknown command.
You struggle against the net.
The bullfrog hits you but does no damage.
The bullfrog hits you. Harold hits you but does no damage.
Gastronok gurgles, "Huuuuuuuuuuungry!"
Gastronok looks at you and mumbles some strange words.
You feel as though you will be slow longer.
The bullfrog hits you but does no damage.
You tear a large gash into the net.
The bullfrog hits you but does no damage.
Harold hits you but does no damage.
The bullfrog hits you but does no damage.
Gastronok waves his eye-stalks in wide circles.
The air twists around and strikes you!
You die...

#.#.##.....#.###.#####.#
#.#...S.Y..(.......%...#
#.####.....#.###...#####
# #.##
##......#YY......?.
####..#
#...#............#
...##.#
######.##.....#..#
##.##.# ...###...## .#
##w##.# ###F###.####..#
#.##[# #.@@...?....#
#<##.#####.#
#.#w#..##.###
##.##.<.....# #.#.#..#
#..(...###### #.#.#..#
#.....((....###.#.#..#
#......#(((..........#
#####.##..#######........
#)##..# ##.####.# #.##..#
.#


You could see Gastronok, Harold and a bullfrog.

Vanquished Creatures
  A tengu warrior (D:9)
  Sonja (D:10)
  The ghost of tarantulino the Cleaver, a novice DDFi of Makhleb (D:9)
  An unseen horror (D:10)
  Pikel (D:9)
  Joseph (D:7)
  2 trolls
  Prince Ribbit (D:7)
  4 hippogriffs
  4 yaks
  A water moccasin (D:9)
  2 ice beasts
  A black bear (D:9)
  3 orc warriors
  2 phantoms
  A slave (D:9)
  A necrophage (D:5)
  6 sky beasts
  4 centaurs
  2 ogres
  3 big kobolds (D:8)
  2 bullfrogs
  2 scorpions
  A killer bee (D:8)
  9 howler monkeys
  2 wights
  5 crimson imps
  2 bullfrog zombies (D:7)
  2 centaur zombies
  6 hounds
  10 orc wizards
  4 orc priests
  2 bullfrog skeletons (D:9)
  2 iguanas
  10 worker ants
  3 hound zombies
  A howler monkey zombie (D:8)
  A worker ant zombie (D:10)
  4 gnolls
  15 adders
  A shadow imp (D:6)
  2 oozes
  An adder skeleton (D:8)
  An adder zombie (D:5)
  3 worms
  3 dart slugs
  6 leopard geckos
  28 orcs
  7 giant cockroaches
  7 goblins
  4 hobgoblins
  5 jackals
  8 quokkas
  A ball python (D:3)
  7 bats
  6 frilled lizards
  10 kobolds (D:8)
  A leopard gecko zombie (D:6)
  A quokka skeleton (D:8)
  4 rats
232 creatures vanquished.

Vanquished Creatures (others)
  A wizard (D:3)
  3 slaves (D:9)
4 creatures vanquished.

Grand Total: 236 creatures vanquished

Notes
Turn   | Place    | Note
-------+----------+-------------------------------------------
     0 | D:1      | equalderp2856 the Minotaur Fighter began the quest for the Orb.
     0 | D:1      | Reached XP level 1. HP: 19/19 MP: 0/0
   107 | D:1      | Reached XP level 2. HP: 23/27 MP: 1/1
   304 | D:1      | Reached skill level 3 in Axes
   304 | D:1      | Reached XP level 3. HP: 33/33 MP: 2/2
   764 | D:2      | Found a basalt altar of Yredelemnul.
  1119 | D:2      | Reached XP level 4. HP: 39/40 MP: 3/3
  1144 | D:2      | Found a hide-covered altar of Uskayaw.
  1404 | D:3      | Reached skill level 4 in Axes
  1458 | D:3      | Found a bloodstained altar of Trog.
  1461 | D:3      | Noticed a wizard
  1466 | D:3      | Killed a wizard
  1522 | D:3      | Found a burning altar of Makhleb.
  1522 | D:3      | Found a radiant altar of Vehumet.
  1538 | D:3      | Reached XP level 5. HP: 34/46 MP: 4/4
  1779 | D:3      | Found a shimmering altar of Xom.
  2342 | D:4      | Reached skill level 5 in Axes
  2440 | D:4      | Found a staircase to the Ecumenical Temple.
  2450 | D:4      | Reached skill level 5 in Shields
  2494 | D:4      | Reached XP level 6. HP: 51/53 MP: 5/5
  2530 | D:4      | Found a shimmering altar of Xom.
  2552 | D:4      | Reached skill level 1 in Dodging
  2691 | D:4      | Reached skill level 5 in Armour
  2734 | D:4      | Noticed an ice beast
  2743 | D:4      | Killed an ice beast
  2923 | D:5      | Entered Level 5 of the Dungeon
  2967 | D:5      | Reached XP level 7. HP: 60/60 MP: 6/6
  2971 | D:5      | Found a transporter.
  2983 | D:5      | Found a transporter.
  3072 | D:5      | Reached skill level 6 in Axes
  3175 | D:5      | Reached skill level 5 in Fighting
  3462 | D:5      | Reached skill level 7 in Axes
  3634 | D:5      | Found a glowing golden altar of the Shining One.
  3747 | D:5      | Reached skill level 1 in Stealth
  3747 | D:5      | Reached XP level 8. HP: 57/68 MP: 7/7
  3902 | D:6      | Reached skill level 8 in Axes
  3931 | D:6      | Reached skill level 1 in Evocations
  4014 | D:6      | Found a glowing silver altar of Zin.
  4057 | D:6      | Found a shadowy altar of Dithmenos.
  4183 | D:6      | Reached skill level 9 in Axes
  4417 | D:7      | Noticed a hippogriff
  4428 | D:7      | Killed a hippogriff
  4428 | D:7      | Reached XP level 9. HP: 61/75 MP: 8/8
  4604 | D:7      | Noticed Joseph
  4619 | D:7      | Killed Joseph
  4619 | D:7      | Reached skill level 10 in Axes
  4627 | D:7      | Found Umnobist's Antique Weapon Shop.
  4643 | D:7      | Bought a glowing hand crossbow for 175 gold pieces
  4784 | D:7      | Noticed Prince Ribbit
  4798 | D:7      | Killed Prince Ribbit
  4812 | D:7      | Found an opulent altar of Gozag.
  5056 | D:8      | Found a sacrificial altar of Ru.
  5061 | D:8      | Found a sparkling altar of Nemelex Xobeh.
  5245 | D:8      | Found Xuank's Antique Armour Shoppe.
  5371 | D:8      | Found an iron altar of Okawaru.
  5445 | D:8      | Reached skill level 11 in Axes
  5619 | D:8      | Reached XP level 10. HP: 78/86 MP: 9/9
  6304 | D:9      | Noticed tarantulino's ghost (novice DDFi)
  6813 | D:9      | Killed tarantulino's ghost
  7139 | D:9      | Noticed a tengu warrior
  7295 | D:9      | Killed a tengu warrior
  7400 | D:9      | Reached skill level 12 in Axes
  7438 | D:9      | Noticed Pikel
  7464 | D:9      | Killed Pikel
  7878 | D:9      | Found Xystiapu's Jewellery Shop.
  8031 | D:9      | Found a shattered altar of Ashenzari.
  8031 | D:9      | Found a white marble altar of Elyvilon.
  8103 | D:10     | Entered Level 10 of the Dungeon
  8105 | D:10     | Reached skill level 10 in Shields
  8116 | D:10     | Noticed Sonja
  8138 | D:10     | Killed an unseen horror
  8174 | D:10     | Killed Sonja
  8174 | D:10     | Reached XP level 11. HP: 80/95 MP: 11/11
  8265 | D:10     | Noticed Gastronok
  9099 | D:10     | Noticed Harold
  9114 | D:10     | Killed from afar by Gastronok

Skill      XL: |  1  2  3  4  5  6  7  8  9 10 |
---------------+-------------------------------+-----
Fighting       | 4 5 6 7 8 |  8.7
Axes           | 3 4 5 7 9 11 12 | 12.8
Shields        | 4 5 6 7 8 10 | 10.5
Armour         | 4 5 6 7 9 |  9.6
Dodging        | 1 2 3 |  3.1
Stealth        | 1 2 |  2.5
Evocations     | 1 |  1.9

Action                   |  1- 3 |  4- 6 |  7- 9 | 10-12 || total
-------------------------+-------+-------+-------+-------++-------
Melee: War axe           |    54 |   171 |   349 |   288 ||   862
       Headbutt          |     7 |    32 |    75 |    73 ||   187
       Spear             |       |       |       |     2 ||     2
 Fire: Hand crossbow     |       |       |       |    15 ||    15
Evoke: Wand              |       |       |    10 |     5 ||    15
  Use: Scroll            |       |       |       |    11 ||    11
       Potion            |       |       |       |     3 ||     3
 Stab: Paralysed         |       |       |     3 |     4 ||     7
  Eat: Chunk             |       |     6 |     9 |    11 ||    26
       Fruit             |       |       |       |     1 ||     1
Armor: Scale mail        |    32 |    61 |    29 |       ||   122
       Chain mail        |       |       |   128 |       ||   128
       Plate armour      |       |       |    24 |   162 ||   186
Dodge: Dodged            |    19 |    57 |    99 |    65 ||   240
Block: Shield            |    40 |    86 |   208 |   146 ||   480
